 Dungeon Crawl Stone Soup version 0.18-a0-596-g6468885 (webtiles) character file.

4 Raultor the Cudgeler (level 1, -3/16 HPs)
             Began as a Demonspawn Gladiator on Dec 3, 2015.
             Slain by a worm (4 damage)
             ... on level 1 of the Dungeon.
             The game lasted 00:00:35 (174 turns).

Raultor the Cudgeler (Demonspawn Gladiator)          Turns: 174, Time: 00:00:36

Health: -3/16      AC:  4    Str: 15    XL:     1   Next: 50%
Magic:  1/1        EV: 12    Int:  9    God:
Gold:   29         SH:  0    Dex: 13    Spells: 0 memorised, 0 levels left

rFire  . . .     SeeInvis .     a - +0 flail
rCold  . . .     Clarity  .     b - +0 leather armour
rNeg   . . .     SustAt   .     (no shield)
rPois  .         Gourm    .     c - +0 helmet
rElec  .         Spirit   .     (no cloak)
rCorr  .         Dismiss  .     (no gloves)
rMut   .         Stasis   .     (no boots)
MR     .....                    (no amulet)
Stlth  +.........               (no ring)
                                (no ring)

@: not resistant to hostile enchantments, very unstealthy
A: no striking features
a: no special abilities


You were on level 1 of the Dungeon.
You were not hungry.

You visited 1 branch of the dungeon, and saw 1 of its levels.

You collected 29 gold pieces.

Inventory:

Hand Weapons
 a - a +0 flail (weapon)
Missiles
 d - 3 throwing nets {=f, !d}
Armour
 b - a +0 leather armour (worn)
 c - a +0 helmet (worn)
Scrolls
 f - a scroll of amnesia {unknown}
Comestibles
 e - 2 bread rations {@e1}


   Skills:
 + Level 2.0 Fighting
 * Level 2.8 Maces & Flails
 - Level 1.7 Throwing
 + Level 0.1 Armour
 + Level 2.7 Dodging


You couldn't memorise any spells.
You didn't know any spells.

Dungeon Overview and Level Annotations

Branches:
Dungeon (1/15)

Altars:


Message History

Welcome, Raultor the Demonspawn Gladiator.
Will you be the one to retrieve the fabulous Orb of Zot from the depths?
Found a ring mail.
Found an escape hatch in the floor.
Found a staircase leading out of the dungeon.
You now have 5 gold pieces.
A bat comes into view.
You see here a bread ration {@e1}.
You barely miss the bat. The bat hits you.
You take 1 damage, and have 15/16 hp.
The bat hits you but does no damage. The bat barely misses you.
You hit the bat but do no damage. The bat misses you.
The bat hits you but does no damage.
You hit the bat but do no damage. The bat closely misses you.
The bat barely misses you.
You barely miss the bat. The bat hits you but does no damage.
The bat hits you but does no damage. x2
You hit the bat but do no damage. The bat barely misses you.
The bat closely misses you.
You closely miss the bat. The bat misses you.
The bat hits you but does no damage.
You hit the bat.
You kill the bat!
No target in view!
No target in view!
e - 2 bread rations {@e1} (gained 1)
Found a stone staircase leading down.
There is a stone staircase leading down here.
You now have 12 gold pieces (gained 7).
f - a scroll labeled YVIWETO AROL Health restored: 16 A bat comes into view.
You see here 10 gold pieces.
A bat is nearby!
The bat hits you but does no damage. The bat completely misses you.
The bat closely misses you. The bat hits you but does no damage.
The bat closely misses you. The bat hits you but does no damage. x2
You hit the bat. The bat barely misses you. The bat barely misses you.
You hit the bat.
You kill the bat!
No target in view!
You see here a bat corpse.
You now have 22 gold pieces (gained 10).
You now have 29 gold pieces (gained 7).
Found a stone staircase leading down.
A rat comes into view.
The rat bites you but does no damage.
You hit the rat.
You kill the rat!
No target in view!
A rat comes into view.
The rat twitches its whiskers.
The rat bites you.
You take 2 damage, and have 14/16 hp.
You barely miss the rat. The rat barely misses you.
The rat bites you but does no damage.
You sock the rat!
You kill the rat!
A worm comes into view.
A worm is nearby!
Found a stone staircase leading down.
You hit the worm. The worm bites you.
You take 4 damage, and have 10/16 hp.
MASSIVE DAMAGE!!
You hit the worm. The worm closely misses you.
You barely miss the worm.
Unknown command.
You hit the worm. The worm misses you.
You hit the worm. The worm bites you.
You take 4 damage, and have 6/16 hp.
MASSIVE DAMAGE!!
You are too injured to fight recklessly!
You are too injured to fight recklessly!
You are too injured to fight recklessly!
You hit the worm. The worm bites you.
* * * LOW HITPOINT WARNING * * *
You take 5 damage, and have 1/16 hp.
MASSIVE DAMAGE!!
You hit the worm. You barely miss the worm. The worm bites you.
You die...

..........[....
#.>########..######
#..# #...# #..#
######..#####
##..####............
......#.####..#####
#..##.#.# #..# #
#.w##.#.# #..# #
#.@##.#.# #..# #
#.......# #..# #
#.......####..#####
###................
#.....#####.####.
#..>..# .....
#####... ......
##### ######


You could see a worm.

Vanquished Creatures
  2 bats (D:1)
  2 rats (D:1)
4 creatures vanquished.

Notes
Turn   | Place    | Note
--------------------------------------------------------------
     0 | D:1      | Raultor the Demonspawn Gladiator began the quest for the Orb.
     0 | D:1      | Reached XP level 1. HP: 16/16 MP: 1/1
   172 | D:1      | HP: 1/16 [worm (5)]
   174 | D:1      | Slain by a worm

Vault maps used:
D:1:      lemuel_arrival_lava_pool

Action                   || total
-------------------------++-------
Melee: Flail             ||    20

Vault maps used:
D:1:      lemuel_arrival_lava_pool

Table legend:
 A = Turns spent in this place as a percentage of turns spent in the entire game.
 B = Non-inter-level travel turns spent in this place as a percentage of non-inter-level travel turns spent in the entire game.
 C = Inter-level travel turns spent in this place as a percentage of turns spent in this place.
 D = Turns resting spent in this place as a percentage of non-inter-level travel turns spent in this place.
 E = Turns spent auto-exploring this place as a percentage of non-inter-level travel turns spent in this place.
 F = Non-inter-level travel turns spent in this place divided by the number of levels of this place that you've seen.
                   A       B       C       D       E      F
               +-------+-------+-------+-------+-------+----------------------
         Total | 100.0 | 100.0 |   0.0 |   0.0 |  12.5 |  56.0
       Dungeon | 100.0 | 100.0 |   0.0 |   0.0 |  12.5 |  56.0
               +-------+-------+-------+-------+-------+----------------------

Table legend:
 A = Kills in this place as a percentage of kills in entire the game.
 B = Kills by you in this place as a percentage of kills by you in the entire game.
 C = Kills by friends in this place as a percentage of kills by friends in the entire game.
 D = Other kills in this place as a percentage of other kills in the entire game.
 E = Experience gained in this place as a percentage of experience gained in the entire game.
 F = Experience gained in this place divided by the number of levels of this place that you have seen.
                   A       B       C       D       E      F
               +-------+-------+-------+-------+-------+----------------------
         Total | 100.0 | 100.0 |  -nan |  -nan | 100.0 |   6.0
       Dungeon | 100.0 | 100.0 |  -nan |  -nan | 100.0 |   6.0
               +-------+-------+-------+-------+-------+----------------------
